Construct Weapon Support Center
Selects Special Operations Battlegroup
M3 Armored Personnel Carrier
Selects M29 Weasel with M1 Pack Howitzer
M29 Weasel with M1 Pack Howitzer
Selects P-47 Anti-Infantry Loiter
Selects UNKNOWN (2162291)
Construct Medical Station
Selects SSF Commando Squad
P-47 Anti-Infantry Loiter
M18 Hellcat Tank Destroyer
Advanced Air Reconnaissance
Grasshopper High-Altitude Recon Run
Grasshopper High-Altitude Recon Run
Selects Air Re-supply Operation
Grasshopper High-Altitude Recon Run
Grasshopper High-Altitude Recon Run
Grasshopper High-Altitude Recon Run
M18 Hellcat Tank Destroyer
Grasshopper High-Altitude Recon Run
M18 Hellcat Tank Destroyer
Grasshopper High-Altitude Recon Run
M18 Hellcat Tank Destroyer
M18 Hellcat Tank Destroyer
M18 Hellcat Tank Destroyer
Grasshopper High-Altitude Recon Run
M18 Hellcat Tank Destroyer
Grasshopper High-Altitude Recon Run
M18 Hellcat Tank Destroyer